 Dungeon Crawl Stone Soup version 0.17.2-1-ge4368a0 (webtiles) character file.

78 ololoev the Chopper (level 4, -6/33 HPs)
             Began as a Demonspawn Gladiator on July 25, 2016.
             Mangled by a centaur (7 damage)
             ... on level 4 of the Dungeon.
             The game lasted 00:01:01 (141 turns).

ololoev the Chopper (Demonspawn Gladiator)           Turns: 141, Time: 00:01:01

Health: -6/33      AC:  4    Str: 17    XL:     4   Next: 15%
Magic:  4/4        EV: 12    Int:  9    God:
Gold:   21         SH:  0    Dex: 13    Spells: 0 memorised, 3 levels left

rFire  . . .     SeeInvis .     a - +0 war axe
rCold  . . .     Clarity  .     b - +0 leather armour
rNeg   . . .     SustAt   .     (no shield)
rPois  .         Gourm    .     c - +0 helmet
rElec  .         Spirit   .     (no cloak)
rCorr  .         Warding  .     (no gloves)
rMut   .         Stasis   .     (no boots)
MR     .....                    (no amulet)
Stlth  +.........               (no ring)
                                (no ring)

@: lethally poisoned (-6 -> -16), not resistant to hostile enchantments, very
unstealthy
A: claws 1, powered by pain 2
a: no special abilities


Innate Abilities, Weirdness & Mutations

You have sharp fingernails.
You sometimes gain power by taking damage.

Inventory:

Hand Weapons
 a - a +0 war axe (weapon)
Missiles
 d - 3 throwing nets (quivered)
Armour
 b - a +0 leather armour (worn)
 c - a +0 helmet (worn)
Scrolls
 f - a scroll of identify {unknown}
 h - a scroll of enchant weapon {unknown}
 i - a scroll of remove curse {unknown}
 j - a scroll of blinking {unknown}
Comestibles
 e - 2 bread rations
 g - a meat ration


   Skills:
 - Level 2.0 Fighting
 * Level 3.6 Axes
 + Level 2.4 Throwing
 + Level 1.6 Armour
 - Level 2.6 Dodging


You had 3 spell levels left.
You didn't know any spells.


You were on level 4 of the Dungeon.
You were not hungry.

You visited 1 branch of the dungeon, and saw 4 of its levels.

You collected 21 gold pieces.

........ #.
...... ..#
....>. ...#
.... ##... ...#
.....##..##
...#..sc..#####
._....a@#......
...........#
.......(...#
.....>..?..#
##########...
..... ..[. ....
...

Notes
Turn   | Place    | Note
--------------------------------------------------------------
     0 | D:1      | ololoev the Demonspawn Gladiator began the quest for the Orb.
     0 | D:1      | Reached XP level 1. HP: 16/16 MP: 1/1
    47 | D:2      | Reached skill level 3 in Axes
    47 | D:2      | Gained mutation: You have sharp fingernails. [demonic ancestry]
    47 | D:2      | Reached XP level 2. HP: 22/22 MP: 2/2
    96 | D:2      | Reached skill level 1 in Armour
   132 | D:4      | Found a bloodstained altar of Trog.
   132 | D:4      | Noticed a giant frog
   132 | D:4      | Noticed a centaur
   137 | D:4      | Killed a giant frog
   137 | D:4      | Gained mutation: You sometimes gain a little power by taking damage. [demonic ancestry]
   137 | D:4      | Reached XP level 3. HP: 17/27 MP: 3/3
   137 | D:4      | Gained mutation: You sometimes gain power by taking damage. [demonic ancestry]
   137 | D:4      | Reached XP level 4. HP: 20/33 MP: 4/4
   141 | D:4      | HP: 1/33 [poisoned by a worker ant]
   141 | D:4      | Mangled by a centaur

Dungeon Overview and Level Annotations

Branches:
Dungeon (4/15)
 Temple: D:4-7

Altars:
Trog


Message History

You have reached level 3!
Your experience leads to an increase in your attributes!
Increase (S)trength, (I)ntelligence, or (D)exterity?
You feel stronger.
Your demonic ancestry asserts itself...
You feel energised by your suffering.
You have reached level 4!
You feel stronger.
Your demonic ancestry asserts itself...
You feel even more energised by your suffering.
The worker ant bites you but does no damage.
Unknown command.
You feel sick.
The centaur unwields an uncursed shortbow.
The centaur hits you. The worker ant closely misses you. The centaur hits you.
The worker ant barely misses you.
You see here a quokka corpse.
Unknown command.
Unknown command.
You aren't carrying any potions.
You completely miss the centaur. You hit the worker ant.
The worker ant is moderately wounded.
You feel sick. The centaur hits you. The worker ant closely misses you.
The centaur barely misses you.
Unknown command.
Unknown command.
You hit the centaur.
The centaur is moderately wounded.
You hit the worker ant but do no damage.
The worker ant is moderately wounded.
The worker ant barely misses you. The centaur barely misses you.
The worker ant bites you.
You are more poisoned.
The worker ant poisons you! The giant cockroach misses you.
The centaur closely misses you.
Unknown command.
You barely miss the centaur.
The centaur is moderately wounded.
You closely miss the giant cockroach. You closely miss the worker ant.
The worker ant is moderately wounded.
You feel sick. The centaur hits you!
You die...

You could see a centaur, a worker ant and a giant cockroach.

Vanquished Creatures
  An adder (D:2)
  A worm (D:2)
  A giant gecko (D:2)
  A goblin (D:3)
  A ball python (D:2)
  A bat (D:2)
  4 jackals (D:2)
  A quokka (D:4)
11 creatures vanquished.

Vanquished Creatures (others)
  A giant frog (D:4)
1 creature vanquished.

Grand Total: 12 creatures vanquished

Action                   |  1- 3 |  4- 6 || total
-------------------------+-------+-------++-------
Melee: War axe           |    27 |     3 ||    30
 Stab: Sleeping          |     1 |       ||     1

Vault maps used:
D:1:      shiori_arrival_maze
D:2:      uniq_sigmund
D:3:      kennysheep_six_static_rooms, grunt_gozag_breadcrumbs,
          columned_hall_lemuel
D:4:      bloody_trog, minmay_temple_entry_overgrown, first_bread,
          corexii_hall_statues_x
